 Dungeon Crawl Stone Soup version 0.27-b1-41-gafb5482f4b (webtiles) character file.

Game seed: 16756779619622331258

12 hawla the Sneak (level 2, 0/18 HPs)
             Began as a Deep Elf Delver on July 28, 2021.
             Slain by a hound zombie (3 damage)
             ... on level 5 of the Dungeon.
             The game lasted 00:02:58 (301 turns).

hawla the Sneak (Deep Elf Delver)                    Turns: 301, Time: 00:02:59

Health: 0/18       AC:  6    Str:  9    XL:     2   Next: 20%
Magic:  5/5        EV: 11    Int: 14    God:
Gold:   35         SH:  3    Dex: 16    Spells: 3/3 levels left

rFire    . . .     SeeInvis .   a - +0 short sword
rCold    . . .     Faith    .   h - +0 buckler
rNeg     . . .     Spirit   .   b - +0 leather armour
rPois    .         Reflect  .   (no helmet)
rElec    .         Harm     .   (no cloak)
rCorr    .         Rampage  .   (no gloves)
Will     .....                  i - +2 pair of boots
Stlth    +++.......             (no amulet)
HPRegen  0.06/turn              (no ring)
MPRegen  0.09/turn              (no ring)

@: no status effects
A: no striking features
a: no special abilities


You were on level 5 of the Dungeon.
You visited 1 branch of the dungeon, and saw 1 of its levels.

You collected 35 gold pieces.

Inventory:

Hand Weapons
 a - a +0 short sword (weapon)
Armour
 b - a +0 leather armour (worn)
 h - a +0 buckler (worn)
 i - a +2 pair of boots (worn)
Wands
 g - a wand of digging (2)
Scrolls
 c - a scroll of fog
 e - a scroll of fear
Potions
 f - a potion of might {unknown}


   Skills:
 + Level 2.5 Fighting
 + Level 2.1 Short Blades
 + Level 2.6 Dodging
 + Level 6.1 Stealth
 + Level 0.0 Shields
 + Level 1.1 Spellcasting
 + Level 0.5 Evocations


You had 3 spell levels left.
You didn't know any spells.
Your spell library was empty.

Dungeon Overview and Level Annotations

Branches:
Dungeon (5/15)             Temple (0/1) D:5

Altars:
Gozag

Shops:
D:5 :


Message History

Your extra speed is starting to run out.
The ufetubus hits you.
The ufetubus hits you but does no damage.
You barely miss the ufetubus.
The ufetubus is moderately wounded.
The ufetubus barely misses you.
The ufetubus hits you but does no damage.
You miss the ufetubus.
The ufetubus is moderately wounded.
The ufetubus hits you. The ufetubus barely misses you.
An orc wizard comes into view. It is wielding a +0 dagger.
The ufetubus closely misses you. You block the ufetubus's attack.
Okay, then.
As you read the scroll of magic mapping, it crumbles to dust.
You feel aware of your surroundings. The ufetubus hits you.
The ufetubus barely misses you.
The orc wizard shouts!
You hit the ufetubus.
The ufetubus is heavily wounded.
The ufetubus barely misses you.
The ufetubus hits you but does no damage.
The orc shouts!
You hit the ufetubus.
The ufetubus is heavily wounded.
You hear a shout!
The ufetubus barely misses you. x2
You hit the ufetubus but do no damage.
The ufetubus is heavily wounded.
You feel yourself slow down. The ufetubus misses you. The ufetubus hits you.
* * * LOW HITPOINT WARNING * * *
Aiming: Dig
Press: ? - help, Shift-Dir - straight line A translucent rock wall.
The rock shatters into small pieces.
The ufetubus hits you.
* * * LOW HITPOINT WARNING * * *
The ufetubus hits you but does no damage.
The ufetubus completely misses you. You block the ufetubus's attack.
The hound zombie bites you.
You die...

*,,,,,,,,,
*,,,,,,,,,
*,,,,,,,,,
*####,,,,,,,,,
##....o#..,,,*,
##..........,,,,
##............,,,
####Z..........O..,,
#.5@#..o..........,,
#.###...o.........,,
#.###o............,,
#................,<,
######.........).,,*
##.....#...,,**
####.##******
#..#********
#.##,,,,,,,,


You could see an orc wizard, 2 orcs, an ufetubus and a hound zombie.

Vanquished Creatures
  An adder (D:5)
  An adder zombie (D:5)
2 creatures vanquished.

Notes
Turn   | Place    | Note
-------+----------+-------------------------------------------
     0 | D:5      | hawla the Deep Elf Delver began the quest for the Orb.
     0 | D:5      | Reached XP level 1. HP: 13/13 MP: 3/3
    22 | D:5      | Found an opulent altar of Gozag.
    46 | D:5      | Noticed an orc wizard
   107 | D:5      | Reached XP level 2. HP: 18/18 MP: 3/5
   190 | D:5      | Noticed an ogre
   202 | D:5      | Noticed an ogre
   234 | D:5      | Reached skill level 1 in Spellcasting
   269 | D:5      | Found Viqeamm's Book Boutique.
   270 | D:5      | Noticed an ogre
   301 | D:5      | Slain by a hound zombie

Illustrated notes

Levels and vault maps discovered:
D:5:      layout_rooms, nicolae_gozag_seed_capital,
          minmay_temple_entry_overgrown, serial_shops,
          nicolae_shop_window_shopping, minmay_a_box_with_orc_wizards_in_it

Skill      XL: |  1  2 |
---------------+-------+-----
Spellcasting   | 1 |  1.1
Fighting       | |  2.5
Short Blades   | |  2.1
Dodging        | |  2.6
Stealth        | |  6.1
Evocations     | |  0.5

Action                   || total
-------------------------++-------
Melee: Short sword       ||    40
Evoke: Wand              ||     1
  Use: Scroll            ||     1
       Potion            ||     1
Armor: Leather armour    ||    21
Dodge: Dodged            ||    35
Block: Buckler           ||     5
